cohdb
Replays
Latest Replays
All Replays
Popular Replays
Top Player Replays
Match Explorer
How It Works
Community
CoH3 Stats
Reddit
Sign in to upload your games and track your stats! →
Sign in with Steam
Match 41097369
Unlisted
Match 41097369
Overview
Messages
Build Orders
End
Scout Squad
Construct Weapon Support Center
M1919 Machine Gun Team
M1919 Machine Gun Team
Bazooka Squad
Mechanized Support Center
Selects Heavy Weapons
M3 Armored Personnel Carrier
Selects M2HB .50cal Heavy Machine Gun
Sniper
M3 Armored Personnel Carrier
Designate Forward Repair Station
Engineer Squad
Sniper
Selects Assault Carriers
Selects Exchangeable Parts
Bazooka Squad
Construct Tank Depot
M4A1 Sherman Medium Tank
Bazooka Squad
M4A1 76mm Conversion
Bazooka Squad
Sniper
M3 Assault Carrier
Bazooka Squad
Selects M26 Pershing Heavy Tank
Selects M26 Pershing Heavy Tank
M26 Pershing Heavy Tank
M3 Assault Carrier
Jopjahh
FreeMaxD
OceanGrown
Jack Lumber
paavali
Piikivirotta
0
0
Comments
sign in to comment!
No comments posted yet!